 Dungeon Crawl Stone Soup version 0.29-a0-553-g81b289dbe5 (webtiles) character file.

Game seed: 11173185575273897006

343273 lorenzova the Sorcerer (level 21, -1/101 (112) HPs)
             Began as a Deep Elf Conjurer on June 5, 2022.
             Was the Champion of Vehumet.
             Slain by a +2 war axe of electrocution (11 damage)
             ... animated by Zenata
             ... on level 3 of the Vaults on June 6, 2022.
             The game lasted 04:32:12 (81738 turns).

lorenzova the Sorcerer (Deep Elf Conjurer)         Turns: 81738, Time: 04:32:13

HP:   -1/101 (112)  AC: 10    Str:  4    XL:     21   Next: 12%
MP:   67/67         EV: 18    Int: 36    God:    Vehumet [******]
Gold: 895           SH: 13    Dex: 31    Spells: 8/65 levels left

rFire   . . .      SeeInvis +   U - +3 dagger of the Orcish Mines {freeze, rC+ rN+ MP+9 Dex+3}
rCold   + . .      Faith    .   h - +1 buckler of Bad Feelings {Will++ Slay+3 Stlth-}
rNeg    + . .      Spirit   .   H - +1 ring mail "Copyz" {rElec rPois Int-2 Dex+5}
rPois   +          Reflect  +   V - +1 hat {Stlth+}
rElec   +          Harm     .   E - scarf {repulsion}
rCorr   .          Rampage  .   (no gloves)
Will    +++++                   Y - +1 pair of boots "Vosch" {Int+3}
Stlth   ++........              c - amulet of reflection
HPRegen 0.26/turn               I - ring "Suell" {Fly Will+ EV+4 Dex+4}
MPRegen 0.40/turn               a - ring of Redic {MP+9 Dex+6 SInv}

@: swift (expiring), flying, drained, repel missiles, very quick
A: no striking features
}: 2/15 runes: serpentine, barnacled
a: Renounce Religion


You were on level 3 of the Vaults.
You worshipped Vehumet.
Vehumet was exalted by your worship.
You visited 9 branches of the dungeon, and saw 39 of its levels.
You also visited: Ice Cave and Volcano.

You collected 4821 gold pieces.
You spent 3926 gold pieces at shops.

Inventory:

Hand Weapons
 U - the +3 dagger of the Orcish Mines (weapon) {freeze, rC+ rN+ MP+9 Dex+3}
   (You found it on level 3 of the Snake Pit)

   It freezes those it strikes, dealing additional cold damage.
   It can also slow down cold-blooded creatures.
   Dex:       It affects your dexterity (+3).
   rC:        It protects you from cold.
   rN:        It protects you from negative energy.
   MP:        It affects your magic capacity (+9).
Armour
 b - the +3 robe of Clouds {*Thunder rCloud rElec}
   (You bought it in a shop on level 1 of the Shoals)

   It occasionally creates storm clouds above nearby enemies.
   It grants its wearer immunity to clouds.
   rElec:     It insulates you from electricity.
 h - the +1 buckler of Bad Feelings (worn) {Will++ Slay+3 Stlth-}
   (You bought it in a shop on level 1 of the Snake Pit)

   Slay:      It affects your accuracy & damage with ranged weapons and melee
   (+3).
   Will:      It greatly increases your willpower.
   Stlth:     It makes you less stealthy.
 t - the +3 leather armour of Becyzxut {Harm rF++ Dex-5}
   (You bought it in a shop on level 1 of the Orcish Mines)

   Dex:       It affects your dexterity (-5).
   rF:        It greatly protects you from fire.
   Harm:      It increases damage dealt and taken.
 v - a scarf of resistance
 E - a scarf of repulsion (worn)
 H - the +1 ring mail "Copyz" (worn) {rElec rPois Int-2 Dex+5}
   (You found it on level 2 of the Elven Halls)

   Int:       It affects your intelligence (-2).
   Dex:       It affects your dexterity (+5).
   rElec:     It insulates you from electricity.
   rPois:     It protects you from poison.
 J - the +1 cloak "Ylimud" {rElec Dex+9 Slay+3}
   (You found it on level 13 of the Dungeon)

   Dex:       It affects your dexterity (+9).
   Slay:      It affects your accuracy & damage with ranged weapons and melee
   (+3).
   rElec:     It insulates you from electricity.
 V - a +1 hat of stealth (worn)
 Y - the +1 pair of boots "Vosch" (worn) {Int+3}
   (You found it on level 3 of the Elven Halls)

   Int:       It affects your intelligence (+3).
Magical Staves
 l - a staff of air
 m - a staff of conjuration
 u - a staff of cold
 R - a staff of fire
Jewellery
 a - the ring of Redic (right hand) {MP+9 Dex+6 SInv}
   (You acquired it on level 2 of the Dungeon)

   [ring of dexterity]

   Dex:       It affects your dexterity (+6).
   MP:        It affects your magic capacity (+9).
   SInv:      It lets you see invisible.
 c - an amulet of reflection (around neck)
 j - a +6 ring of intelligence
 p - a ring of poison resistance
 D - a ring of fire
 F - a ring of ice
 I - the ring "Suell" (left hand) {Fly Will+ EV+4 Dex+4}
   (You bought it in a shop on level 2 of the Dungeon)

   [ring of evasion]

   EV:        It affects your evasion (+4).
   Dex:       It affects your dexterity (+4).
   Fly:       It grants you flight.
   Will:      It increases your willpower.
 N - a ring of protection from fire
 Q - a ring of positive energy
 T - the ring of Yfir {Wiz Dex+2 SInv}
   (You found it on level 3 of the Elven Halls)

   [ring of wizardry]

   It improves your spell success rate.
   Dex:       It affects your dexterity (+2).
   SInv:      It lets you see invisible.
Wands
 K - a wand of digging (10)
Scrolls
 e - 15 scrolls of teleportation
 f - 5 scrolls of poison
 i - 9 scrolls of fog
 n - 4 scrolls of enchant weapon
 o - 4 scrolls of fear
 q - 10 scrolls of amnesia
 w - a scroll of blinking
 x - 3 scrolls of silence
 y - 2 scrolls of summoning
 L - 2 scrolls of magic mapping
 Z - 5 scrolls of enchant armour
Potions
 d - 26 potions of curing
 g - 12 potions of heal wounds
 k - 8 potions of brilliance
 r - 6 potions of resistance
 s - 6 potions of flight
 z - 9 potions of haste
 A - 5 potions of ambrosia
 B - 6 potions of mutation
 C - 2 potions of invisibility
 P - 4 potions of cancellation
 X - a potion of magic


   Skills:
 - Level 6.2 Fighting
 - Level 6.2 Armour
 - Level 9.4 Dodging
 - Level 2.4 Stealth
 - Level 5.0 Shields
 + Level 22.5 Spellcasting
 + Level 19.7 Conjurations
 - Level 6.0 Hexes
 - Level 6.0 Translocations
 + Level 19.7 Fire Magic
 * Level 12.0 Air Magic
 * Level 17.3 Earth Magic


You had 8 spell levels left.
You knew the following spells:

 Your Spells              Type           Power      Damage    Failure   Level
a - Magic Dart            Conj           100%       1d8       0%          1
b - Searing Ray           Conj           100%       2d8       0%          2
c - Iskenderun's Mystic   Conj/Tloc      93%        2d18      1%          4
d - Fulminant Prism       Conj/Hex       46%        3d21      1%          4
e - Foxfire               Conj/Fire      100%       2x1d9     0%          1
f - Fireball              Conj/Fire      55%        3d21      1%          5
h - Iron Shot             Conj/Erth      54%        9d10      1%          6
i - Ignition              Fire           55%        3d15      2%          8
j - Lehudib's Crystal Sp  Conj/Erth      54%        10d13     3%          8
k - Swiftness             Air            91%        N/A       1%          3
l - Lightning Bolt        Conj/Air       50%        1d71      1%          5
o - Orb of Destruction    Conj           55%        9d14      1%          7
x - Conjure Flame         Conj/Fire      100%       6-21      0%          3

Your spell library contained the following spells:

 Spells                   Type           Power      Damage    Failure   Level
 Polar Vortex             Ice            20%        N/A       100%        9
 Static Discharge         Conj/Air       100%       N/A       0%          2
 Freeze                   Ice            100%       1d11      1%          1
 Slow                     Hex            100%       N/A       1%          1
 Ensorcelled Hibernation  Hex/Ice        100%       N/A       1%          2
 Passwall                 Tmut/Erth      66%        N/A       1%          2
 Poisonous Vapours        Pois/Air       100%       N/A       1%          2
 Confusing Touch          Hex            71%        N/A       1%          3
 Dazzling Flash           Conj/Hex       100%       N/A       1%          3
 Gell's Gravitas          Tloc           71%        N/A       1%          3
 Ignite Poison            Fire/Tmut/Pois 73%        N/A       1%          3
 Inner Flame              Hex/Fire       93%        N/A       1%          3
 Mephitic Cloud           Conj/Pois/Air  86%        N/A       1%          3
 Portal Projectile        Hex/Tloc       100%       N/A       1%          3
 Teleport Other           Tloc           71%        N/A       1%          3
 Tukima's Dance           Hex            71%        N/A       1%          3
 Leda's Liquefaction      Hex/Erth       45%        N/A       1%          4
 Freezing Cloud           Conj/Ice/Air   43%        6-21      1%          5
 Lee's Rapid Deconstruct  Erth           52%        3d26*     1%          5
 Conjure Ball Lightning   Conj/Air       50%        3x3d17    1%          6
 Silence                  Hex/Air        40%        N/A       2%          5
 Frozen Ramparts          Ice            80%        1d10      3%          3
 Summon Guardian Golem    Hex/Summ       58%        N/A       3%          3
 Cause Fear               Hex            35%        N/A       3%          4
 Passage of Golubria      Tloc           71%        N/A       3%          4
 Summon Lightning Spire   Summ/Air       71%        N/A       3%          4
 Borgnjor's Vile Clutch   Necr/Erth      40%        N/A       3%          5
 Necrotize                Necr           100%       1d9       4%          1
 Sting                    Tmut/Pois      100%       1d8       4%          1
 Call Imp                 Summ           40%        N/A       6%          2
 Sublimation of Blood     Necr           40%        N/A       6%          2
 Wereblood                Tmut           40%        N/A       6%          2
 Olgreb's Toxic Radiance  Pois           40%        N/A       11%         4
 Call Canine Familiar     Summ           40%        N/A       12%         3
 Ozocubu's Armour         Ice            40%        N/A       12%         3
 Spider Form              Tmut/Pois      40%        N/A       12%         3
 Vampiric Draining        Necr           40%        2d8       12%         3
 Anguish                  Hex/Necr       29%        N/A       12%         4
 Metabolic Englaciation   Hex/Ice        29%        N/A       32%         5
 Summon Mana Viper        Hex/Summ       58%        N/A       32%         5
 Maxwell's Capacitive Co  Air            45%        ∞         41%         8
 Dispersal                Tloc           35%        N/A       45%         6
 Agony                    Necr           40%        N/A       73%         5
 Alistair's Intoxication  Tmut/Pois      26%        N/A       73%         5
 Blade Hands              Tmut           20%        N/A       73%         5
 Eringya's Noxious Bog    Tmut/Pois      20%        N/A       80%         6
 Enfeeble                 Hex            35%        N/A       96%         7
 Simulacrum               Ice/Necr       20%        N/A       99%         6
 Ozocubu's Refrigeration  Ice            20%        4d9       99%         7
 Malign Gateway           Summ/Tloc      29%        N/A       100%        7
 Summon Hydra             Summ           20%        N/A       100%        7
 Discord                  Hex            35%        N/A       100%        8
 Disjunction              Tloc           35%        N/A       100%        8
 Fire Storm               Conj/Fire      55%        8d14      30%         9
 Shatter                  Erth           52%        3d40*     58%         9
 Chain Lightning          Conj/Air       50%        3d67      78%         9


Dungeon Overview and Level Annotations

Branches:
Dungeon (15/15)            Temple (1/1) D:5            Lair (6/6) D:8
 Shoals (4/4) Lair:3        Snake (4/4) Lair:2        Slime (0/5) Lair:6
    Orc (2/2) D:10            Elf (3/3) Orc:2        Vaults (3/5) D:13
  Crypt (0/3) Vaults:2     Depths (1/4) D:15          IceCv (visited)
Volcano (visited)

Altars:
Ashenzari
Cheibriados
Dithmenos
Elyvilon
Fedhas
Gozag
Hepliaklqana
Kikubaaqudgha
Makhleb
Nemelex Xobeh
Okawaru
Qazlal
Ru
Sif Muna
Trog
Uskayaw
Vehumet
Wu Jian
Xom
Yredelemnul
Zin
The Shining One
Beogh
Jiyva
Lugonu

Shops:
D:2 !=!?*   D:7 ?   D:11 *   D:13 *   D:14 *   Orc:1 [[:*[   Orc:2 ([![
Elf:2 [[*   Shoals:1 [   Snake:1 [   Snake:2 :=:   Snake:3 =[**   Vaults:2 *

Portals:
Abyss: Lair:6
Bazaar: Orc:2
Trove: D:11 (show slimy rune of Zot)

Annotations:
D:6 exclusion: downstairs
D:15 1 runed translucent door
Lair:2 1 runed translucent door, kMk's ghost, journeyman OgNe
Snake:3 exclusion: downstairs
Snake:4 Vashnia
Vaults:3 Zenata


Message History

The +0 dire flail of draining attacks as you move away!
The +0 dire flail of draining completely misses you.
You block the +2 glaive of venom's attack.
The +0 dire flail of draining hits you!!
You partially resist.
You feel drained.
Okay, then.
Blink to where?
Press: ? - help, Dir - move target
As you read the scroll of blinking, it crumbles to dust.
The +0 dire flail of draining attacks as you move away!
The +0 dire flail of draining misses you.
The +0 dire flail of draining barely misses you.
The +0 dire flail of draining hits you!!
You partially resist.
You feel drained.
The +0 dire flail of draining attacks as you move away!
The +0 dire flail of draining misses you.
The +0 dire flail of draining hits you but does no damage.
You partially resist.
You block the +0 dire flail of draining's attack.
The +2 war axe of electrocution hits you!
There is an open door, spattered with blood here.
The +2 war axe of electrocution attacks as you move away!
You block the +2 war axe of electrocution's attack.
The +0 dire flail of draining attacks as you move away!
You block the +0 dire flail of draining's attack.
The +0 dire flail of draining hits you. You partially resist.
You feel drained.
The +0 dire flail of draining hits you!!
* * * LOW HITPOINT WARNING * * *
You partially resist.
You feel drained.
* * * LOW HITPOINT WARNING * * *
There is a stone staircase leading up here.
You start to feel a little slower.
The +0 dire flail of draining misses you.
The +0 dire flail of draining hits you!
* * * LOW HITPOINT WARNING * * *
You partially resist.
You feel drained.
* * * LOW HITPOINT WARNING * * *
The +0 dire flail of draining completely misses you.
The +2 war axe of electrocution hits you!
You die...

########## #########
#........# #.......#
#........# #.......#
#.....@..# ########
#.......# #.....((.#
#......# #.......#
#........####....# ##
'.......#
#........'.###..###.#
'.......#
#........#..##'###..#
###'#####
#####'####......+=..#
# #..# #......#
#..(...#...#
###..#### #...<..#
#.###..##..#
#..#'#..# #......#
#.###..###.#


You could see 3 dancing weapons.

Vanquished Creatures
  Bai Suzhen (Snake:3)
  Nikola (Snake:4)
  Rupert (Lair:4)
  2 deep elf blademasters
  3 deep elf master archers (Elf:3)
  Gastronok (Lair:3)
  A kraken (Shoals:3)
  Polyphemus (Shoals:4)
  Donald (Vaults:1)
  Ilsuiw (Shoals:2)
  Kirke (D:12)
  7 nagarajas
  A fire giant (Depths:1)
  5 vault wardens
  An orc warlord (Orc:2)
  14 deep elf sorcerers
  4 frost giants
  4 ironbound preservers
  4 deep elf elementalists (Elf:3)
  2 very ugly things
  5 ironbound thunderhulks
  8 deep elf demonologists
  Azrael (Elf:1)
  2 entropy weavers (Vaults:2)
  5 deep elf annihilators (Elf:3)
  A white draconian (IceCv)
  14 dire elephants
  5 deep elf death magi
  Snorg (D:11)
  4 ettins
  8 merfolk impalers
  2 yaktaur captains
  3 merfolk javelineers
  4 deep elf high priests (Elf:3)
  Fannar (D:12)
  3 great orbs of eyes
  A rakshasa (Depths:1)
  7 ice dragons (IceCv)
  5 centaur warriors
  12 hydras
  4 vault guards (Vaults:2)
  4 salamander tyrants
  5 boulder beetles
  11 ironbound frosthearts
  4 merfolk avatars
  7 anacondas
  4 ogre magi
  15 two-headed ogres
  Erica (D:9)
  5 catoblepae
  19 death yaks
  2 tengu warriors
  23 dancing weapons
  7 merfolk aquamancers
  11 naga warriors
  10 naga sharpshooters
  12 deep elf knights
  Nergalle (Lair:1)
  4 thrashing horrors (Lair:6)
  A hell knight (Volcano)
  9 shock serpents
  Lodul (D:12)
  4 salamander mystics
  9 skeletal warriors
  A spark wasp zombie (D:15)
  17 deep trolls
  10 sea snakes
  An orange crystal statue (IceCv)
  2 flayed ghosts
  A spriggan simulacrum (D:14)
  10 naga ritualists
  4 wizards
  3 necromancers
  A phantasmal warrior (Vaults:2)
  13 deep elf archers
  A glowing orange brain (Vaults:3)
  11 harpies
  5 lindwurms
  A mana viper (shapeshifter) (Lair:6)
  32 deep elf pyromancers
  27 deep elf zephyrmancers
  3 orc knights
  6 ironbound convokers
  17 mana vipers
  5 orc sorcerers
  6 cyclopes
  5 oklob plants
  17 manticores
  16 salamanders
  A stone giant zombie (D:15)
  3 fauns (Shoals:3)
  32 ugly things
  A frost giant zombie (D:15)
  A moth of wrath (D:14)
  A smoke demon (Lair:6)
  4 guardian serpents
  11 vault sentinels
  42 black mambas
  A molten gargoyle (Volcano)
  15 naga magi
  6 water nymphs
  The ghost of Subbak the Insei, a novice MeTm (D:4)
  10 merfolk sirens
  2 torpor snails (Lair:6)
  13 cane toads
  An unseen horror (D:13)
  A spriggan zombie (D:15)
  8 rime drakes
  7 komodo dragons
  9 yaktaurs (Vaults:1)
  An anaconda simulacrum (D:14)
  An efreet (D:13)
  3 kobold demonologists
  An ancient zyme (Lair:6)
  2 tengu conjurers (D:13)
  An entropy weaver simulacrum (D:14)
  9 trolls
  3 meliai (D:14)
  26 merfolk
  Prince Ribbit (D:9)
  2 hornets
  A meliai (shapeshifter) (D:13)
  15 polar bears
  A large abomination (Lair:6)
  10 wind drakes
  16 blink frogs
  10 slime creatures
  9 dream sheep
  15 snapping turtles
  A stone giant simulacrum (Vaults:3)
  4 air elementals
  A shadow (D:11)
  21 water elementals
  A culicivora (Vaults:2)
  3 ynoxinuls (Lair:6)
  A spriggan (Lair:6)
  A dire elephant simulacrum (D:14)
  31 yaks
  2 wyverns
  4 wraiths
  An elf zombie (Vaults:3)
  5 fire bats (Volcano)
  8 fire elementals
  2 vampire mosquitoes (D:13)
  5 chaos spawn (Lair:6)
  A redback (shapeshifter) (D:15)
  14 basilisks
  2 steam dragons
  5 redbacks (Vaults:2)
  A minotaur simulacrum (D:14)
  6 wargs
  52 nagas
  The ghost of DOPEyDwarf the Shield-Bearer, an amateur GrFi (D:3)
  4 hell hounds (Elf:1)
  An acid dragon (D:14)
  13 water moccasins
  3 ice beasts
  29 orc warriors
  2 black bears (D:6)
  14 ogres
  8 centaurs
  8 wolves
  9 small abominations (Lair:6)
  2 phantoms (D:10)
  2 kobold brigands
  10 bullfrogs
  A gnoll sergeant (D:12)
  2 earth elementals (Elf:2)
  A scorpion (D:7)
  2 deep troll simulacra (D:14)
  A human skeleton (Vaults:3)
  9 wights (D:8)
  3 troll zombies (D:10)
  A lindwurm simulacrum (D:14)
  12 killer bees
  An electric eel (D:14)
  6 lava snakes (Volcano)
  4 jellies
  2 gnoll shamans (D:7)
  2 hounds
  24 orc priests
  2 bullfrog skeletons (D:4)
  8 iguanas
  32 orc wizards
  5 ogre zombies (D:10)
  2 scorpion simulacra (D:3)
  17 gnolls
  7 adders
  A shadow imp (D:7)
  4 white imps
  An ufetubus (D:4)
  4 worms
  A dart slug (D:2)
  An adder simulacrum (D:3)
  99 orcs
  8 ball pythons
  10 endoplasms
  3 giant cockroaches
  5 goblins
  6 hobgoblins
  5 jackals
  18 kobolds
  A quokka (D:4)
  5 bats
  6 frilled lizards
  A giant cockroach simulacrum (D:3)
  3 goblin skeletons (D:10)
  2 goblin zombies (D:10)
  2 hobgoblin skeletons (D:10)
  6 hobgoblin zombies (D:10)
  12 orc zombies (D:10)
  7 rats
  A spectral goblin (D:1)
1467 creatures vanquished.

Vanquished Creatures (collateral kills)
  A foxfire (Lair:2)
1 creature vanquished.

Vanquished Creatures (others)
  A human (D:12)
  A centaur (D:12)
  An iron imp (D:12)
  40 foxfires
  125 fulminant prisms
  51 fungi
  199 plants
  8 tentacles (Shoals:3)
  10 withered plants (D:15)
436 creatures vanquished.

Grand Total: 1904 creatures vanquished

Notes
Turn   | Place    | Note
-------+----------+-------------------------------------------
     0 | D:1      | lorenzova the Deep Elf Conjurer began the quest for the
                  | Orb.
     0 | D:1      | Reached XP level 1. HP: 10/10 MP: 6/6
   425 | D:1      | Reached XP level 2. HP: 15/15 MP: 2/8
   428 | D:1      | Learned a level 2 spell: Searing Ray
   475 | D:1      | Found a faded altar of an unknown god.
  1297 | D:1      | Reached skill level 4 in Spellcasting
  1410 | D:1      | Reached skill level 5 in Conjurations
  1410 | D:1      | Reached XP level 3. HP: 19/19 MP: 6/10
  1949 | D:2      | Found Relamoysk's Assorted Antiques.
  2704 | D:2      | Found Xeeradoasy's Distillery.
  2711 | D:2      | Found Feditwym's Jewellery Emporium.
  2712 | D:2      | Bought a potion of heal wounds for 50 gold pieces
  2769 | D:2      | Found Kaenlum's Magic Scroll Emporium.
  2778 | D:2      | Bought a scroll of identify for 26 gold pieces
  2778 | D:2      | Bought a scroll of identify for 26 gold pieces
  2868 | D:2      | Found Lungarr's Distillery.
  2876 | D:2      | Reached XP level 4. HP: 24/24 MP: 8/12
  3109 | D:3      | Reached skill level 5 in Spellcasting
  3346 | D:3      | Reached XP level 5. HP: 28/28 MP: 8/14
  3501 | D:3      | Found a runed translucent gate.
  3501 | D:3      | Found a runed translucent gate.
  3501 | D:3      | Found a runed translucent gate.
  3849 | D:3      | Noticed DOPEyDwarf's ghost (amateur GrFi)
  3995 | D:4      | Found a broken altar of Ashenzari.
  4046 | D:4      | Found a white marble altar of Elyvilon.
  4047 | D:4      | Found a sparkling altar of Nemelex Xobeh.
  4047 | D:4      | Found a shadowy altar of Dithmenos.
  4140 | D:4      | Reached skill level 6 in Spellcasting
  4288 | D:4      | Found a runed translucent gate.
  4288 | D:4      | Found a runed translucent gate.
  4288 | D:4      | Found a runed translucent gate.
  4289 | D:4      | Noticed Subbak's ghost (novice MeTm)
  4321 | D:4      | Reached XP level 6. HP: 32/32 MP: 10/17
  4662 | D:4      | Found a shimmering altar of Xom.
  4669 | D:4      | Found an opulent altar of Gozag.
  4847 | D:5      | Entered Level 5 of the Dungeon
  4911 | D:5      | Noticed an ice beast
  4924 | D:5      | Killed an ice beast
  4925 | D:5      | Reached skill level 7 in Spellcasting
  5040 | D:5      | Noticed an acid dragon
  5666 | D:5      | Found a staircase to the Ecumenical Temple.
  5683 | Temple   | Entered the Ecumenical Temple
  5877 | Temple   | Became a worshipper of Vehumet
  5910 | Temple   | Learned a level 4 spell: Iskenderun's Mystic Blast
  5915 | Temple   | Learned a level 4 spell: Fulminant Prism
  5929 | D:5      | Reached XP level 7. HP: 36/36 MP: 15/20
  6194 | D:6      | Noticed a two-headed ogre
  6397 | D:5      | Reached skill level 8 in Spellcasting
  7045 | D:6      | Reached skill level 9 in Spellcasting
  7045 | D:6      | Reached XP level 8. HP: 41/41 MP: 13/23
  7269 | D:7      | Found Jiopn's Magic Scroll Shop.
  7428 | D:7      | Reached skill level 1 in Hexes
  7428 | D:7      | Reached skill level 1 in Translocations
  7477 | D:7      | Bought a scroll of blinking for 82 gold pieces
  7477 | D:7      | Bought a scroll of teleportation for 33 gold pieces
  7477 | D:7      | Bought a scroll of identify for 22 gold pieces
  8295 | D:7      | Found a glowing golden altar of the Shining One.
  8647 | D:7      | Reached skill level 10 in Spellcasting
  8823 | D:7      | Reached * piety under Vehumet
  8823 | D:7      | Offered knowledge of Shock by Vehumet.
  9013 | D:7      | Noticed a komodo dragon
  9022 | D:7      | Killed a komodo dragon
  9023 | D:7      | Reached XP level 9. HP: 45/45 MP: 16/25
  9041 | D:7      | Noticed a kobold demonologist
  9287 | D:8      | Reached skill level 5 in Hexes
  9861 | D:7      | Killed a kobold demonologist
  9865 | D:7      | Noticed a troll
  9876 | D:7      | Killed a troll
  9877 | D:7      | Reached skill level 11 in Spellcasting
  9877 | D:7      | Reached skill level 10 in Conjurations
  9877 | D:7      | Reached skill level 5 in Translocations
 11024 | D:8      | Reached XP level 10. HP: 26/50 MP: 10/27
 11128 | D:8      | Found a staircase to the Lair.
 11165 | D:8      | Offered knowledge of Foxfire by Vehumet.
 11177 | D:8      | Learned a level 1 spell: Foxfire
 11184 | D:8      | Reached ** piety under Vehumet
 11881 | D:9      | Noticed a two-headed ogre
 11885 | D:9      | Reached skill level 12 in Spellcasting
 11893 | D:9      | Killed a two-headed ogre
 11988 | D:9      | Noticed Prince Ribbit
 11994 | D:9      | Killed Prince Ribbit
 12289 | D:9      | Noticed Erica
 12315 | D:9      | Reached skill level 13 in Spellcasting
 12815 | D:9      | Killed Erica
 13140 | D:10     | Entered Level 10 of the Dungeon
 13210 | D:10     | Noticed a two-headed ogre
 13589 | D:10     | Offered knowledge of Mephitic Cloud by Vehumet.
 14358 | D:10     | Killed a two-headed ogre
 14359 | D:10     | Reached skill level 14 in Spellcasting
 14373 | D:10     | Reached *** piety under Vehumet
 14833 | D:10     | Reached XP level 11. HP: 54/54 MP: 24/31
 15272 | D:10     | Offered knowledge of Conjure Flame by Vehumet.
 15277 | D:10     | Learned a level 3 spell: Conjure Flame
 15379 | D:10     | Found a staircase to the Orcish Mines.
 15446 | D:10     | Reached skill level 1 in Fire Magic
 15860 | D:6      | Killed a two-headed ogre
 15969 | D:2      | Bought a potion of heal wounds for 70 gold pieces
 16126 | Lair:1   | Entered Level 1 of the Lair of Beasts
 16149 | Lair:1   | Noticed a seven-headed hydra
 16156 | Lair:1   | Killed a seven-headed hydra
 16160 | Lair:1   | Reached skill level 15 in Spellcasting
 16418 | Lair:1   | Reached skill level 5 in Fire Magic
 16680 | Lair:1   | Noticed Nergalle
 16712 | Lair:1   | Killed Nergalle
 16954 | Lair:1   | Reached **** piety under Vehumet
 17544 | Lair:1   | Noticed a four-headed hydra
 17554 | Lair:1   | Killed a four-headed hydra
 18061 | Lair:2   | Noticed a lindwurm
 18111 | Lair:2   | Reached XP level 12. HP: 59/59 MP: 21/33
 18284 | Lair:2   | Offered knowledge of Fireball by Vehumet.
 18297 | Lair:2   | Learned a level 5 spell: Fireball
 18557 | Lair:2   | Reached skill level 16 in Spellcasting
 18972 | Lair:2   | Found a staircase to the Snake Pit.
 19144 | Lair:2   | Noticed a five-headed hydra
 19147 | Lair:2   | Killed a five-headed hydra
 19283 | Lair:2   | Found a runed translucent door.
 19283 | Lair:2   | Found a shimmering altar of Xom.
 19283 | Lair:2   | Noticed kMk's ghost (journeyman OgNe)
 19497 | Lair:2   | Found the +18 Lear's hauberk
 20069 | Lair:3   | Found a staircase to the Shoals.
 20244 | Lair:3   | Found a dark tunnel.
 20253 | Volcano  | Entered a volcano
 20661 | Volcano  | Noticed a two-headed ogre
 20668 | Volcano  | Found a burning altar of Makhleb.
 20668 | Volcano  | Noticed an ogre mage
 20669 | Volcano  | Noticed a two-headed ogre
 20669 | Volcano  | Noticed a two-headed ogre
 20670 | Volcano  | Killed a two-headed ogre
 20671 | Volcano  | Reached skill level 10 in Fire Magic
 20672 | Volcano  | Noticed a two-headed ogre
 20790 | Volcano  | Killed a two-headed ogre
 20833 | Volcano  | Killed a two-headed ogre
 20838 | Volcano  | Killed an ogre mage
 20869 | Volcano  | Noticed a two-headed ogre
 20877 | Volcano  | Killed a two-headed ogre
 20877 | Volcano  | Killed a two-headed ogre
 20878 | Volcano  | Reached XP level 13. HP: 63/63 MP: 9/35
 21467 | Lair:3   | Reached skill level 17 in Spellcasting
 21468 | Lair:3   | Reached ***** piety under Vehumet
 21468 | Lair:3   | Offered knowledge of Orb of Destruction by Vehumet.
 21502 | Lair:3   | Learned a level 7 spell: Orb of Destruction
 21714 | Lair:3   | Reached skill level 15 in Conjurations
 21927 | Lair:3   | Noticed Gastronok
 21961 | Lair:3   | Killed Gastronok
 22651 | Lair:4   | Noticed Rupert
 22885 | Lair:4   | Killed Rupert
 24746 | Lair:6   | Entered Level 6 of the Lair of Beasts
 25041 | Lair:6   | Reached skill level 18 in Spellcasting
 25279 | Lair:6   | Learned a level 5 spell: Lee's Rapid Deconstruction
 25381 | Lair:6   | Reached XP level 14. HP: 68/68 MP: 22/38
 25384 | Lair:6   | Reached skill level 1 in Earth Magic
 25580 | Lair:6   | Reached skill level 1 in Air Magic
 26130 | Lair:6   | Found a staircase to the Slime Pits.
 26130 | Lair:6   | Found a viscous altar of Jiyva.
 27609 | Lair:6   | Offered knowledge of Airstrike by Vehumet.
 28526 | Lair:6   | Reached skill level 5 in Earth Magic
 28960 | Lair:6   | Found a corrupted altar of Lugonu.
 28960 | Lair:6   | Found a one-way gate to the infinite horrors of the Abyss.
 30110 | D:2      | Bought a scroll of identify for 26 gold pieces
 30155 | D:2      | Bought a scroll of identify for 66 gold pieces
 30155 | D:2      | Bought a scroll of identify for 66 gold pieces
 30155 | D:2      | Bought a scroll of identify for 66 gold pieces
 30159 | D:2      | Identified 2 scrolls of acquirement
 30161 | D:2      | Acquired the ring of Redic {MP+9 Dex+6 SInv}
 30164 | D:2      | Acquired a staff of conjuration
 30520 | Orc:1    | Entered Level 1 of the Orcish Mines
 30520 | Orc:1    | Found Ybraiff's General Store.
 30520 | Orc:1    | Found Lyaxai's Armour Boutique.
 30520 | Orc:1    | Found Buir's Book Shop.
 30747 | Orc:1    | Bought a scroll of identify for 26 gold pieces
 30961 | Orc:1    | Found Taur's Antique Armour Emporium.
 31118 | Orc:1    | Found Holodaoc's Antique Armour Emporium.
 31298 | Orc:2    | Entered Level 2 of the Orcish Mines
 31331 | Orc:2    | Found a staircase to the Elven Halls.
 31491 | Orc:1    | Offered knowledge of Conjure Ball Lightning by Vehumet.
 31821 | Orc:2    | Noticed an orc warlord
 33027 | Orc:2    | Found a gateway to a bazaar.
 33941 | Orc:2    | Killed an orc warlord
 34038 | Orc:2    | Found Bauharpha's Distillery.
 34229 | Orc:2    | Found Tiog's Antique Armour Shoppe.
 34232 | Orc:2    | Found Kiybb's Antique Weapon Emporium.
 34355 | Orc:2    | Found Mymot's Armour Emporium.
 34447 | Orc:1    | Bought a faintly humming ring mail for 360 gold pieces
 34447 | Orc:1    | Identified the +7 ring mail "Ziobling" {+Blink rF- rC++
                  | Dex-4} (You bought it in a shop on level 1 of the Orcish
                  | Mines)
 34459 | Orc:1    | Bought a heavily runed leather armour for 203 gold pieces
 34459 | Orc:1    | Identified the +3 leather armour of Becyzxut {Harm rF++
                  | Dex-5} (You bought it in a shop on level 1 of the Orcish
                  | Mines)
 34459 | Orc:1    | Bought a creamy pearl robe for 165 gold pieces
 34459 | Orc:1    | Identified the +2 robe of Pathos {Drain +Inv rF++ Dex+4}
                  | (You bought it in a shop on level 1 of the Orcish Mines)
 34481 | Orc:1    | Bought a book of Minor Magic for 252 gold pieces
 34483 | Orc:1    | Bought a book of Burglary for 280 gold pieces
 34488 | Orc:1    | Learned a level 3 spell: Swiftness
 34608 | Snake:1  | Entered Level 1 of the Snake Pit
 34612 | Snake:1  | Reached skill level 15 in Fire Magic
 34615 | Snake:1  | Offered knowledge of Iron Shot by Vehumet.
 34618 | Snake:1  | Reached XP level 15. HP: 52/72 MP: 19/39
 34943 | Snake:1  | Learned a level 6 spell: Iron Shot
 35208 | Snake:1  | Reached skill level 19 in Spellcasting
 35583 | Snake:1  | Found Xohut's Armour Shoppe.
 37027 | Snake:2  | Reached skill level 5 in Air Magic
 37568 | Snake:2  | Noticed a nagaraja
 37574 | Snake:2  | Killed a nagaraja
 37755 | Snake:2  | Found Equnarghu's Book Shoppe.
 37755 | Snake:2  | Found Siamaa's Jewellery Boutique.
 37757 | Snake:2  | Found Leinn's Book Shoppe.
 38007 | Snake:3  | Found Kocvum's General Store.
 38007 | Snake:3  | Found Xuelis's General Store.
 38011 | Snake:3  | Found Noefifor's Antique Armour Emporium.
 38014 | Snake:3  | Found Dipu's Jewellery Emporium.
 38044 | Snake:3  | Bought a scroll of teleportation for 57 gold pieces
 38226 | Snake:3  | Noticed a nagaraja
 38237 | Snake:3  | Killed a nagaraja
 38636 | Snake:3  | HP: 3/72 [salamander/+4 trident (12)]
 41556 | Snake:3  | Identified the +3 dagger of the Orcish Mines {freeze, rC+
                  | rN+ MP+9 Dex+3}
 41666 | Snake:4  | Entered Level 4 of the Snake Pit
 41821 | Snake:4  | Reached XP level 16. HP: 75/76 MP: 29/41
 41824 | Snake:4  | Offered knowledge of Lightning Bolt by Vehumet.
 41948 | Snake:3  | Learned a level 5 spell: Lightning Bolt
 42085 | Snake:4  | Noticed Bai Suzhen
 42089 | Snake:4  | Reached skill level 10 in Earth Magic
 42262 | Snake:3  | Killed Bai Suzhen
 43280 | Snake:4  | Noticed Vashnia
 44468 | Snake:4  | Noticed Nikola
 44476 | Snake:4  | Killed Nikola
 44790 | Snake:4  | Reached skill level 20 in Spellcasting
 48388 | Snake:4  | Got a serpentine rune of Zot
 49209 | D:11     | Found a portal to a secret trove of treasure.
 49345 | D:11     | Noticed Snorg
 49348 | D:11     | Killed Snorg
 49820 | D:11     | Found Pplif's Practical Paraphernalia.
 50143 | D:12     | Noticed Kirke
 50156 | D:12     | Killed Kirke
 50431 | D:12     | Found a snail-covered altar of Cheibriados.
 50557 | D:12     | Identified the +5 war axe of Masulyff {holy, rElec rN+
                  | Dex+2}
 50689 | D:12     | Noticed Fannar
 50692 | D:12     | Killed Fannar
 50693 | D:12     | Reached XP level 17. HP: 71/80 MP: 43/43
 50693 | D:12     | Offered knowledge of Starburst by Vehumet.
 50989 | D:12     | Acquired 473 gold pieces
 51114 | D:12     | Noticed Lodul
 51156 | D:12     | Killed Lodul
 51731 | Snake:1  | Bought the +1 buckler of Bad Feelings {Will++ Slay+3
                  | Stlth-} for 397 gold pieces
 51939 | D:2      | Bought the ring "Suell" {Fly Will+ EV+4 Dex+4} for 591 gold
                  | pieces
 52043 | D:3      | Killed DOPEyDwarf's ghost
 52150 | D:4      | Killed Subbak's ghost
 52686 | D:13     | Found a gate to the Vaults.
 52782 | D:13     | Reached skill level 1 in Shields
 53240 | D:13     | Reached skill level 1 in Armour
 53422 | D:13     | Reached skill level 1 in Fighting
 53964 | D:13     | Offered knowledge of Ignition by Vehumet.
 54241 | D:13     | Identified the +1 cloak "Ylimud" {rElec Dex+9 Slay+3}
 54733 | D:13     | Found an iron altar of Okawaru.
 54734 | D:13     | Found Xoepitz's Assorted Antiques.
 54742 | D:13     | Bought a potion of heal wounds for 150 gold pieces
 54763 | D:13     | You are sucked into a shaft and drop 2 floors!
 54763 | D:15     | Entered Level 15 of the Dungeon
 54821 | D:14     | Found a frozen archway.
 55195 | IceCv    | Entered an ice cave
 56501 | IceCv    | Learned a level 8 spell: Ignition
 57112 | D:14     | Reached skill level 5 in Dodging
 57204 | D:14     | Reached XP level 18. HP: 91/91 MP: 44/44
 57254 | D:14     | Found Tixaasutex's General Store.
 57448 | D:14     | Found a bloodstained altar of Trog.
 57465 | D:14     | Identified the +6 falchion "Ruuhyoc" {vorpal, rC++}
 57983 | D:15     | Found a runed translucent door.
 57983 | D:15     | Found an ancient bone altar of Kikubaaqudgha.
 58891 | D:15     | Found a staircase to the Depths.
 59546 | Shoals:1 | Entered Level 1 of the Shoals
 60658 | Shoals:1 | Found Noirph's Antique Armour Emporium.
 61387 | Shoals:2 | Reached skill level 21 in Spellcasting
 61597 | Shoals:2 | Reached skill level 5 in Shields
 62402 | Shoals:2 | Noticed Ilsuiw
 62419 | Shoals:2 | Killed Ilsuiw
 63417 | Shoals:3 | Reached ****** piety under Vehumet
 65277 | Shoals:4 | Entered Level 4 of the Shoals
 65856 | Shoals:4 | Noticed Polyphemus
 65874 | Shoals:4 | Killed Polyphemus
 66707 | Shoals:4 | Learned a level 8 spell: Lehudib's Crystal Spear
 67142 | Shoals:3 | Identified the +9 hunting sling of Might {venom, rF+ Will+}
 67206 | Shoals:4 | Got Beejadam's Collected Works on Nocuous Lightness
 67366 | Shoals:4 | Got a barnacled rune of Zot
 67660 | Shoals:4 | Reached XP level 19. HP: 51/99 MP: 24/46
 67672 | Shoals:4 | Offered knowledge of Polar Vortex by Vehumet.
 68288 | Shoals:1 | Bought the +3 robe of Clouds {*Thunder rCloud rElec} for
                  | 742 gold pieces
 68288 | Shoals:1 | Found the +3 robe of Clouds {*Thunder rCloud rElec}
 68728 | Lair:1   | Upgraded the game from 0.29-a0-551-gffc1d7fb78 to
                  | 0.29-a0-553-g81b289dbe5
 68901 | Elf:1    | Entered Level 1 of the Elven Halls
 69598 | Elf:1    | Noticed Azrael
 69600 | Elf:1    | Killed Azrael
 70020 | Elf:1    | Reached skill level 15 in Earth Magic
 70112 | Elf:1    | Got Pycwaypu's Handbook of the Entourage
 70779 | Elf:2    | Found Cixaowun's Antique Armour Shoppe.
 70794 | Elf:2    | Reached skill level 5 in Fighting
 70946 | Elf:2    | Found Ynnat's Armour Emporium.
 70949 | Elf:2    | Found Keoduce's General Store.
 71110 | Elf:2    | Reached skill level 5 in Armour
 71121 | Elf:2    | Noticed a Tzitzimitl
 71525 | Elf:2    | Identified the +1 ring mail "Copyz" {rElec rPois Int-2
                  | Dex+5}
 71765 | Elf:2    | Found a runed translucent gate.
 71766 | Elf:2    | Found a runed translucent gate.
 71766 | Elf:2    | Found a runed translucent gate.
 72714 | Elf:3    | Entered Level 3 of the Elven Halls
 73575 | Elf:3    | Reached skill level 10 in Air Magic
 73579 | Elf:3    | Reached XP level 20. HP: 108/108 MP: 31/47
 73765 | Elf:3    | Reached skill level 22 in Spellcasting
 74385 | Elf:3    | Identified the +1 pair of boots "Vosch" {Int+3}
 74399 | Elf:3    | Got the Compendium of Twisted Ice
 74400 | Elf:3    | Identified the +9 ice dragon scales of Dyehikei {rF- rC++
                  | Regen+ Stlth+}
 74417 | Elf:3    | Identified the +0 ring mail "Jyinn" {Str+3}
 74419 | Elf:3    | Identified the ring of Yfir {Wiz Dex+2 SInv}
 74452 | Elf:3    | Identified the +2 leather armour of Pameatei {Rampage rF+
                  | Will+}
 74463 | Elf:3    | Identified the +7 quarterstaff "Nuty" {freeze, Will++
                  | Dex+2}
 74468 | Elf:3    | Identified the +5 ring mail of Lifelessness {rPois rF-
                  | Will+}
 74739 | Elf:3    | Identified the +10 dagger "Ynlebui" {holy, *Rage Str+7}
 75287 | Depths:1 | Entered Level 1 of the Depths
 75555 | Vaults:1 | Entered Level 1 of the Vaults
 76042 | Vaults:1 | Noticed Donald
 76044 | Vaults:1 | Killed Donald
 79459 | Vaults:2 | Found Valinuta's Assorted Antiques.
 79468 | Vaults:2 | Bought a potion of heal wounds for 170 gold pieces
 80409 | Vaults:2 | Reached XP level 21. HP: 112/112 MP: 19/49
 81218 | Vaults:2 | Found a staircase to the Crypt.
 81713 | Vaults:3 | Noticed Zenata
 81738 | Vaults:3 | Slain by a +2 war axe of electrocution

Illustrated notes

Levels and vault maps discovered:
D:1:      lightli_molten_gateway, layout_loops_corners,
          dreamdust_ecumenical_altar_drowned_temple
D:2:      layout_rooms, serial_shops, shop_fountains, shop,
          nicolae_shop_waterfront, nicolae_shop_statue_plus,
          nicolae_lakefront_shop, minmay_puff
D:3:      wander_river, layout_rooms, gammafunk_ghost_icy,
          minmay_misc_feat_columns, minmay_misc_feat_rows
D:4:      layout_cave_pools, chequers_temple_overflow_statue_of_worship,
          amethyst_overflow_temple_binary, gammafunk_ghost_necromancy
D:5:      layout_loops_cross, minmay_temple_entry_offerings
D:6:      layout_loops_cross, minmay_door_square
D:7:      minmay_cornered_nines, layout_loops_ring, lemuel_tele_altar,
          serial_shops, nicolae_stop_n_shop_1, hangedman_decor_riveting,
          grunt_ministairs_11
D:8:      layout_basic, erik_lair_orcish_takeover
D:9:      layout_basic, kennysheep_generic_room_4, uniq_erica,
          uniq_prince_ribbit1
D:10:     layout_loops_ring, zombieorc2_lemuel
D:11:     layout_rooms, enter_trove_3, nicolae_alphabet_shops, uniq_snorg
D:12:     layout_loops_ring, special_room [special_room_orc], slow_altar_1,
          uniq_kirke, uniq_lodul, uniq_fannar
D:13:     minmay_the_grid_3x3 [minmay_the_grid_expand, minmay_the_grid_odd_star,
          minmay_the_grid_medium_cups, minmay_the_grid_spin_star,
          minmay_the_grid_tri_star, minmay_the_grid_aliased_spiral,
          minmay_the_grid_small_cups, minmay_the_grid_rooms,
          minmay_the_grid_prize_inner_circle], layout_long_grid, david_vaults_1,
          serial_shops, shop, drop_trap, okawaru_gym_becter
D:14:     layout_basic, portal_ice_cave_entry_ice_simulacra, serial_shops, shop,
          tgw_trog
D:15:     gammafunk_depths_entry_grave, layout_stronghold, chequers_jeans,
          nicolae_danse_macabre
Temple:   regret_index_temple_generic_petals
Lair:1:   layout_roguey, uniq_nergalle
Lair:2:   dpeg_oklob_gauntlet, layout_chaotic_city,
          minmay_snake_entry_guardpost_large, ebering_ghost_xom,
          nicolae_lair_lindhole, grunt_megastairs_2, infiniplex_staircase_pool_2
Lair:3:   layout_cave_pods, minmay_shoals_entry_centaurs,
          nicolae_volcano_entry_hallway, beast_lair_carwin_11,
          serial_bayou_shore_a, uniq_gastronok
Lair:4:   layout_cave_pods, uniq_rupert
Lair:5:   layout_regular_city
Lair:6:   hellmonk_lair_end_abyssal_woods, layout_cave_pods, slime_altar_1,
          grunt_megastairs_1, serial_bayou_shore_b
Shoals:1: layout_shoals, serial_shops, shop,
          nicolae_shoals_lost_giant_amphitheater
Shoals:2: layout_shoals, uniq_ilsuiw
Shoals:3: layout_shoals, nicolae_shoals_stone_sculpture_thing
Shoals:4: shoals_end_grunt_ice, layout_shoals, uniq_polyphemus
Snake:1:  layout_chambers, serial_shops, shop_fountains, serial_bayou_shore_b,
          grunt_megastairs_5
Snake:2:  layout_cave_shapes, corexii_hall_statues_s,
          nicolae_snake_gridmaze_entwining, minmay_shop_grove,
          serial_bayou_shore_b
Snake:3:  layout_chambers, minmay_shop_grid_forest,
          nicolae_snake_gridmaze_squiggle
Snake:4:  minmay_snake_end_coiled, layout_cave_town, uniq_vashnia,
          uniq_bai_suzhen, uniq_nikola
Orc:1:    layout_diamond_mine, serial_shops, shop, shop, shop,
          nicolae_diamond_shop, nicolae_shop_stone, david_defended_altar_orc
Orc:2:    grunt_orc_community_town_hall, layout_caves,
          grunt_orc_community_big_house_1, grunt_orc_community_big_house_1,
          grunt_orc_community_house_2, grunt_orc_community_house_3,
          grunt_orc_community_house_1, grunt_orc_community_house_2,
          grunt_orc_community_house_2, serial_shops, bzr_entry_customers
Elf:1:    elf_arrival_002, layout_onion_city, minmay_elf_demonology,
          amcnicky_mini_rare_corridor_liquid, hangedman_elf_simple_split,
          uniq_azrael
Elf:2:    nicolae_elf_blades_crystal_corner, layout_onion_city, minmay_shop_star
Elf:3:    minmay_elf_hall_four_x, layout_geoelf_octagon, item_on_display_a
Vaults:1: st_more_cells, vaults_room_pool, nicolae_vaults_network_s,
          serial_ice_h, vaults_room_hallway, ontoclasm_vaults_misaligned,
          vaults_mumra_minichess_inversion, vaults_room_hallway,
          nicolae_vaults_border_crossing, layout_vaults_quadrants, uniq_donald
Vaults:2: minmay_crypt_entry_simple_box, vaults_dpeg_doors,
          hangedman_vaults_maws, nicolae_vaults_arrows, hangedman_vaults_slice,
          hangedman_vaults_capsules, vaults_room_grunt_arrival_checkpoint,
          serial_ice_g, vaults_room_door_ring, vaults_room_corners,
          layout_vaults_chaotic_city, serial_shops, shop
Vaults:3: v_alt_pattern_3, v_misc_25, st_diamondy,
          nicolae_vaults_network_periphery, nicolae_vaults_puzzle_piece,
          nicolae_vaults_angled_halls, nicolae_vaults_ring_of_whatevers,
          ontoclasm_vaults_ring_square, v_rooms_2,
          nicolae_vaults_little_squares_5, grunt_vaults_focal,
          nicolae_vaults_ninety_degrees, dpeg_vaults_monster_row,
          v_alt_pattern_4, layout_vaults_maze_snakey, uniq_boris, uniq_zenata
Depths:1: layout_long_grid, minivault_11, hellmouth_1, grunt_gozag_statues

Skill      XL: |  1  2  3  4  5  6  7  8  9 10 11 12 13 14 15 16 17 18 19 20 21 |
---------------+----------------------------------------------------------------+-----
Spellcasting   | 4 5 6 7 9 10 11 14 15 16 18 19 20 21 22 | 22.5
Conjurations   | 5 6 7 8 9 10 12 13 14 15 16 17 18 19 | 19.7
Hexes          | 4 6 |  6.0
Translocations | 3 6 |  6.0
Fire Magic     | 7 10 13 15 16 17 18 19 | 19.7
Earth Magic    | 6 9 12 13 14 15 17 | 17.3
Air Magic      | 4 6 7 8 10 11 12 | 12.0
Shields        | 4 5 |  5.0
Armour         | 2 4 5 6 |  6.2
Dodging        | 5 7 8 9 |  9.4
Fighting       | 2 4 5 6 |  6.2
Stealth        | |  2.4

Action                   |  1- 3 |  4- 6 |  7- 9 | 10-12 | 13-15 | 16-18 | 19-21 || total
-------------------------+-------+-------+-------+-------+-------+-------+-------++-------
Melee: Hand axe          |       |     1 |       |     6 |     6 |       |       ||    13
       Staff             |       |       |       |     4 |     5 |       |     1 ||    10
       Dagger            |       |       |       |       |       |     7 |       ||     7
 Cast: Magic Dart        |    90 |   105 |   103 |   133 |    66 |    24 |    21 ||   542
       Searing Ray       |       |    10 |    55 |    49 |    16 |     1 |       ||   131
       Fulminant Prism   |       |       |    16 |    69 |    34 |     5 |     1 ||   125
       Iskenderun's Myst |       |       |     8 |    79 |   126 |   145 |    96 ||   454
       Conjure Flame     |       |       |       |     7 |    16 |     2 |       ||    25
       Foxfire           |       |       |       |    21 |     3 |       |       ||    24
       Fireball          |       |       |       |    33 |   336 |   540 |   203 ||  1112
       Orb of Destructio |       |       |       |       |    22 |     5 |    18 ||    45
       Iron Shot         |       |       |       |       |    39 |   172 |   109 ||   320
       Swiftness         |       |       |       |       |       |    18 |    13 ||    31
       Lightning Bolt    |       |       |       |       |       |     8 |     3 ||    11
       Ignition          |       |       |       |       |       |     7 |    30 ||    37
       Lee's Rapid Decon |       |       |       |       |       |     2 |       ||     2
       Lehudib's Crystal |       |       |       |       |       |       |    34 ||    34
  Use: Scroll            |     4 |     2 |     4 |     8 |    23 |    10 |     2 ||    53
       Potion            |       |       |       |       |     3 |       |       ||     3
Armor: Robe              |     1 |     5 |    13 |       |       |       |       ||    19
       Troll leather arm |       |       |     1 |    19 |       |       |       ||    20
       Leather armour    |       |       |       |       |    19 |    16 |       ||    35
       Ring mail         |       |       |       |       |       |       |     1 ||     1
Dodge: Dodged            |     3 |    10 |    42 |    54 |    56 |    64 |    41 ||   270
       Repelled          |       |       |       |     5 |     5 |    20 |     1 ||    31
Block: Buckler           |       |       |       |       |       |    20 |    33 ||    53
       Reflection        |       |       |       |       |       |       |    16 ||    16

Table legend: (Time is in decaauts)
 A = Elapsed time spent in this place.
 B = Non-inter-level travel time spent in this place.
 C = Inter-level travel time spent in this place.
 D = Time resting spent in this place.
 E = Time spent auto-exploring this place.
 F = Levels seen in this place.
 G = Mean time per level.
                   A        B        C        D        E       F      G
               +--------+--------+--------+--------+--------+-----+--------+
         Total |  81851 |  75210 |   6641 |  42342 |  16759 |  41 | 1996.4 |
       Dungeon |  26465 |  23357 |   3108 |  12201 |   6552 |  15 | 1764.3 |
        Temple |    232 |    194 |     38 |      0 |    170 |   1 |  232.0 |
          Lair |  14392 |  13216 |   1176 |   7245 |   4161 |   6 | 2398.7 |
        Shoals |   8438 |   8231 |    207 |   4610 |   2640 |   4 | 2109.5 |
     Snake Pit |  14109 |  12982 |   1127 |   9236 |     37 |   4 | 3527.2 |
  Orcish Mines |   3958 |   3760 |    198 |   2242 |   1059 |   2 | 1979.0 |
   Elven Halls |   6009 |   5491 |    518 |   2704 |   1117 |   3 | 2003.0 |
        Vaults |   5925 |   5659 |    266 |   2799 |   1022 |   3 | 1975.0 |
        Depths |     10 |     10 |      0 |      0 |      0 |   1 |   10.0 |
      Ice Cave |   1433 |   1433 |      0 |    897 |      0 |   1 | 1433.0 |
       Volcano |    875 |    875 |      0 |    408 |      1 |   1 |  875.0 |
               +--------+--------+--------+--------+--------+-----+--------+

Top non-repeatable levels by time:
 Snake:3: 5910 daAuts
  Lair:6: 4436 daAuts
 Snake:4: 4275 daAuts
   Orc:2: 2985 daAuts
    D:10: 2840 daAuts
Vaults:2: 2821 daAuts
Vaults:1: 2771 daAuts
     D:7: 2599 daAuts
Shoals:3: 2571 daAuts
  Lair:1: 2540 daAuts
  Lair:2: 2422 daAuts
Shoals:4: 2357 daAuts
    D:13: 2340 daAuts
   Elf:2: 2272 daAuts
     D:8: 2152 daAuts
